 Dungeon Crawl Stone Soup version 0.31-a0-640-g39d97e502b (webtiles) character file.

Game seed: 9955402100839052858

161 thirtiethelement the Grave Robber (level 5, -1/36 HPs)
             Began as a Demonspawn Necromancer on Aug 27, 2023.
             Slain by a gnoll
             ... wielding a +0 halberd
              (9 damage)
             ... on level 3 of the Dungeon.
             The game lasted 00:06:13 (2239 turns).

thirtiethelement the Grave Robber (DsNe)            Turns: 2239, Time: 00:06:14

Health: -1/36      AC:  4    Str:  9    XL:     5   Next: 19%
Magic:  1/9        EV: 12    Int: 18    God:
Gold:   118        SH:  5    Dex: 13    Spells: 2/10 levels left

rFire   . . .        k - +6 mace of Wylae {flame, Fly}
rCold   + . .        (no shield)
rNeg    . . .        r - +1 animal skin
rPois   .            q - +0 helmet
rElec   .            (no cloak)
rCorr   .            (no gloves)
SInv    .            (no boots)
Will    .....        d - amulet of reflection
Stlth   ++           n - ring of protection from cold
HPRegen 0.26/turn    (no ring)
MPRegen 0.11/turn

%: reflection
@: flying
A: powered by death 1
a: no special abilities


You were on level 3 of the Dungeon.
You visited 1 branch of the dungeon, and saw 3 of its levels.

You collected 142 gold pieces.
You spent 24 gold pieces at shops.

Inventory:

Hand Weapons
 f - a +0 dagger
 k - the +6 mace of Wylae (weapon) {flame, Fly}
   (You found it on level 2 of the Dungeon)

   Fly:       It grants you flight.
Missiles
 j - 2 boomerangs (quivered)
Armour
 q - a +0 helmet (worn)
 r - a +1 animal skin (worn)
Jewellery
 a - a ring of positive energy
 d - an amulet of reflection (around neck)
 i - an amulet of the acrobat
 n - a ring of protection from cold (left hand)
Talismans
 p - a storm talisman
Scrolls
 e - 3 scrolls of amnesia
 h - a scroll of enchant armour {unknown}
 m - 2 scrolls of revelation {unknown}
 o - a scroll of noise {unknown}
Potions
 b - a potion of magic
 c - 2 potions of curing {unknown}
 g - 2 potions of enlightenment {unknown}
 l - a potion of lignification {unknown}
 s - 2 potions of heal wounds {unknown}
 t - a potion of berserk rage {unknown}


   Skills:
 + Level 0.4 Fighting
 + Level 1.4 Maces & Flails
 + Level 1.9 Dodging
 + Level 2.1 Stealth
 + Level 0.1 Shields
 + Level 0.5 Unarmed Combat
 + Level 3.2 Spellcasting
 + Level 5.4 Necromancy


You had 2 spell levels left.
You knew the following spells:

 Your Spells              Type           Power      Damage    Failure   Level
a - Necrotise             Necr           88%        1d8       1%          1
b - Vampiric Draining     Necr           22%        2d7       4%          3
c - Poisonous Vapours     Pois/Air       4%         N/A       24%         2
d - Searing Ray           Conj           4%         2d4       24%         2

Your spell library contained the following spells:

 Spells                   Type           Power      Damage    Failure   Level
 Magic Dart               Conj           8%         1d3       16%         1
 Animate Dead             Necr           22%        N/A       17%         4
 Mephitic Cloud           Conj/Pois/Air  2%         N/A       43%         3
 Agony                    Necr           22%        N/A       43%         5
 Fulminant Prism          Conj/Hex       1%         3d5       85%         4
 Freezing Cloud           Conj/Ice/Air   1%         6-21      99%         5


Dungeon Overview and Level Annotations

Branches:
Dungeon (3/15)

Altars:

Shops:
D:1 ?


Innate Abilities, Weirdness & Mutations

You regenerate a little health from kills.


Message History

Press: ? - help, Shift-Dir - straight line, f - gnoll
Aim: a gnoll, wielding a +0 halberd (77% to hit)
You miscast Searing Ray.
You are very lightly contaminated with residual magic.
Nothing appears to happen.
Casting: Searing Ray (dangerous; 24% risk of failure)
Confirm with . or Enter, or press ? or * to list all spells.
Aiming: Searing Ray (dangerous; 24% risk of failure)
Press: ? - help, Shift-Dir - straight line, f/p - gnoll
Aim: a gnoll, wielding a +0 halberd (77% to hit)
The searing ray hits the gnoll.
The gnoll is lightly wounded.
The searing ray hits the gnoll.
The gnoll is lightly wounded. (Press . to maintain the ray.)
The gnoll barely misses you.
The searing ray misses the gnoll.
The searing ray hits the gnoll.
The gnoll is moderately wounded.
The gnoll hits you from afar with a +0 halberd.
The searing ray hits the gnoll.
The gnoll is heavily wounded.
The searing ray hits the gnoll.
The gnoll is almost dead.
The gnoll hits you from afar with a +0 halberd!
The searing ray misses the gnoll.
The searing ray hits the gnoll.
You kill the gnoll!
You finish channelling your searing ray.
The gnoll hits you from afar with a +0 halberd!
* * * LOW HITPOINT WARNING * * *
Casting: Searing Ray (dangerous; 24% risk of failure)
Confirm with . or Enter, or press ? or * to list all spells.
Aiming: Necrotise (safe; 1% risk of failure)
Press: ? - help, Shift-Dir - straight line, f/p - gnoll
Aim: a gnoll, wielding a +0 halberd (heavily wounded, chance to affect: 86%)
The gnoll writhes in agony.
A gnoll comes into view. It is wielding a +0 spear.
Your magical contamination has completely faded away.
The gnoll attacks as it pursues you!
The gnoll hits you from afar with a +0 halberd!
You die...

#... # #..
#.#..
#.#.#####g#
#....g).).#
#.###.########
#.............
#####.########
#..g.@#
#######


You could see a gnoll.

Vanquished Creatures
  Robin (D:2)
  2 gnolls (D:3)
  7 adders (D:2)
  A dart slug (D:2)
  2 ball pythons (D:1)
  6 endoplasms
  11 goblins
  9 hobgoblins
  8 kobolds
  2 quokkas (D:2)
  5 bats
  5 frilled lizards
  4 rats
63 creatures vanquished.

Vanquished Creatures (collateral kills)
  3 endoplasms (D:1)
3 creatures vanquished.

Grand Total: 66 creatures vanquished

Notes
Turn   | Place    | Note
-------+----------+-------------------------------------------
     0 | D:1      | thirtiethelement the Demonspawn Necromancer began the quest
                  | for the Orb.
     0 | D:1      | Reached XP level 1. HP: 13/13 MP: 3/3
   220 | D:1      | Gained mutation: You regenerate a little health from kills.
                  | [demonic ancestry]
   220 | D:1      | Reached XP level 2. HP: 19/19 MP: 3/5
   536 | D:1      | Reached skill level 5 in Necromancy
   689 | D:1      | Found Wusim's Magic Scroll Boutique.
   709 | D:1      | Bought a scroll of identify for 24 gold pieces
   935 | D:2      | Reached XP level 3. HP: 24/24 MP: 6/6
   939 | D:2      | Learned a level 3 spell: Vampiric Draining
  1096 | D:2      | Identified the +6 mace of Wylae {flame, Fly}
  1590 | D:2      | Reached XP level 4. HP: 30/30 MP: 1/7
  1675 | D:2      | Noticed Robin
  1684 | D:2      | Killed Robin
  1744 | D:2      | Learned a level 2 spell: Poisonous Vapours
  1747 | D:2      | Learned a level 2 spell: Searing Ray
  1882 | D:2      | Reached skill level 1 in Maces & Flails
  2101 | D:2      | Reached XP level 5. HP: 35/36 MP: 4/9
  2239 | D:3      | Slain by a gnoll

Illustrated notes

Levels and vault maps discovered:
D:1:      dpeg_arrival_court, layout_basic, serial_shops,
          nicolae_shop_temple_entry_statues_fountains, st_stairs_13
D:2:      minmay_chambers_of_twos, layout_basic, uniq_robin
D:3:      layout_basic, uniq_natasha, uniq_grinder

Skill      XL: |  1  2  3  4 |
---------------+-------------+-----
Necromancy     | 5 |  5.4
Stealth        | 2 |  2.1
Maces & Flails | 1 |  1.4
Spellcasting   | 3 |  3.2
Fighting       | |  0.4
Dodging        | |  1.9
Shields        | |  0.1
Unarmed Combat | |  0.5

Action                     |  1- 3 |  4- 6 || total
---------------------------+-------+-------++-------
  Melee: Unarmed           |    30 |       ||    30
         Dagger            |    16 |       ||    16
         Mace              |     2 |    22 ||    24
   Cast: Necrotise         |    47 |    11 ||    58
         Vampiric Draining |     2 |     2 ||     4
         Searing Ray       |       |     3 ||     3
    Use: Scroll            |     1 |       ||     1
   Stab: Sleeping          |     2 |     1 ||     3
 Armour: Robe              |     5 |     4 ||     9
         Animal skin       |       |     3 ||     3
  Dodge: Dodged            |    45 |    15 ||    60
  Block: Other             |    12 |     7 ||    19

Table legend: (Time is in decaauts)
 A = Elapsed time spent in this place.
 B = Non-inter-level travel time spent in this place.
 C = Inter-level travel time spent in this place.
 D = Time resting spent in this place.
 E = Time spent auto-exploring this place.
 F = Levels seen in this place.
 G = Mean time per level.
                   A        B        C        D        E       F      G
               +--------+--------+--------+--------+--------+-----+--------+
         Total |   2245 |   2182 |     63 |     68 |   1708 |   3 |  748.3 |
       Dungeon |   2245 |   2182 |     63 |     68 |   1708 |   3 |  748.3 |
               +--------+--------+--------+--------+--------+-----+--------+

Top non-repeatable levels by time:
     D:2: 1288 daAuts
     D:1: 930 daAuts
     D:3: 26 daAuts
